 Dungeon Crawl Stone Soup version 0.29.1-4-g47bece8355 (webtiles) character file.

Game seed: 14420437606016919450

45 ChadusMaximus the Caller (level 3, 0/24 HPs)
             Began as a Human Summoner on Dec 7, 2022.
             Constricted to death by a ball python (1 damage)
             ... on level 4 of the Dungeon.
             The game lasted 00:03:33 (2696 turns).

ChadusMaximus the Caller (Human Summoner)           Turns: 2696, Time: 00:03:33

Health: 0/24       AC:  2    Str: 14    XL:     3   Next: 90%
Magic:  2/6        EV:  9    Int: 17    God:
Gold:   43         SH:  0    Dex: 13    Spells: 0/6 levels left

rFire   . . .      SeeInvis .   c - +0 spear
rCold   . . .      Faith    .   (no shield)
rNeg    . . .      Spirit   .   a - +0 robe
rPois   .          Reflect  .   (no helmet)
rElec   .          Harm     .   (no cloak)
rCorr   .          Rampage  .   (no gloves)
Will    .....                   (no boots)
Stlth   ++........              (no amulet)
HPRegen 0.08/turn               e - +6 ring of strength
MPRegen 0.10/turn               (no ring)

@: constricted
A: no striking features
a: no special abilities


You were on level 4 of the Dungeon.
You visited 1 branch of the dungeon, and saw 4 of its levels.

You collected 43 gold pieces.

Inventory:

Hand Weapons
 c - a +0 spear (weapon)
Armour
 a - a +0 robe (worn)
Jewellery
 e - a +6 ring of strength (left hand)
Scrolls
 h - a scroll of fear {unknown}
 i - a scroll of amnesia {unknown}
 j - 2 scrolls of identify {unknown}
Potions
 b - a potion of magic
 d - a potion of mutation {unknown}
 f - a potion of invisibility {unknown}
 g - 2 potions of attraction {unknown}
 k - a potion of lignification {unknown}


   Skills:
 - Level 2.5 Dodging
 - Level 2.6 Stealth
 + Level 2.4 Spellcasting
 * Level 4.3 Summonings


You couldn't memorise any spells.
You knew the following spells:

 Your Spells              Type           Power      Damage    Failure   Level
a - Summon Small Mammal   Summ           64%        N/A       3%          1
b - Call Canine Familiar  Summ           16%        N/A       10%         3
c - Call Imp              Summ           16%        N/A       4%          2

Your spell library contained the following spells:

 Spells                   Type           Power      Damage    Failure   Level
 Summon Guardian Golem    Hex/Summ       9%         N/A       22%         3
 Ensorcelled Hibernation  Hex/Ice        4%         N/A       28%         2
 Passwall                 Tmut/Erth      1%         N/A       28%         2
 Spider Form              Tmut/Pois      2%         N/A       50%         3
 Swiftness                Air            2%         N/A       50%         3
 Summon Lightning Spire   Summ/Air       9%         N/A       58%         4
 Anguish                  Hex/Necr       1%         N/A       88%         4


Dungeon Overview and Level Annotations

Branches:
Dungeon (4/15)
 Temple: D:4-7

Altars:

Shops:
D:2 [

Annotations:
D:2 Terence


Message History

* * * LOW HITPOINT WARNING * * *
Your hound bites the ogre.
Your hound barely misses the ogre.
You see here a +0 club.
A ball python comes into view.
The ball python hisses angrily.
Your hound bites the ogre.
Your hound bites the ogre.
Your hound bites the ogre but does no damage.
Your hound closely misses the ogre.
Your hound disappears in a puff of smoke!
The ball python barely misses you. The ball python completely misses you.
The ball python attacks as you move away!
The ball python closely misses you. x2
The ball python attacks as you move away!
The ball python closely misses you. The ball python barely misses you.
The ball python bites you but does no damage.
The ball python barely misses you.
The ball python attacks as you move away!
The ball python bites you but does no damage.
The ball python closely misses you.
The ball python attacks as you move away!
The ball python bites you.
* * * LOW HITPOINT WARNING * * *
The ball python barely misses you.
Things that are here:
a +0 dagger; a goblin corpse
Casting: Call Canine Familiar (quite dangerous; 10% risk of failure)
Confirm with . or Enter, or press ? or * to list all spells.
You don't know that spell.
The ball python attacks as you move away!
The ball python bites you.
* * * LOW HITPOINT WARNING * * *
The ball python closely misses you.
Casting: Call Canine Familiar (quite dangerous; 10% risk of failure)
Confirm with . or Enter, or press ? or * to list all spells.
You don't know that spell.
The ball python closely misses you. The ball python grabs you.
The ball python constricts you.
You die...

....## . #)#### .....##.# #.#
........ ##.####.#### .....#
.......§.... ....## #####.#.####
...## #.#.####
#.#########################......
#..♣.8.♣.8.8.8.♣.8.8.8.8.8...####
#...............@S)O........##
##.8.♣.8.♣.8.8.8.8.8.8.8.8.##
###########################


You could see an ogre and a ball python.

Vanquished Creatures
  2 endoplasms (D:1)
  2 giant cockroaches (D:1)
  4 goblins
  3 hobgoblins
  3 kobolds (D:1)
  A frilled lizard (D:1)
  A rat (D:1)
16 creatures vanquished.

Vanquished Creatures (collateral kills)
  An adder (D:3)
  A worm (D:3)
  A dart slug (D:1)
  An orc (D:3)
  An endoplasm (D:4)
  2 goblins (D:1)
  2 hobgoblins (D:1)
9 creatures vanquished.

Grand Total: 25 creatures vanquished

Notes
Turn   | Place    | Note
-------+----------+-------------------------------------------
     0 | D:1      | ChadusMaximus the Human Summoner began the quest for the
                  | Orb.
     0 | D:1      | Reached XP level 1. HP: 13/13 MP: 3/3
   168 | D:1      | Reached XP level 2. HP: 6/19 MP: 0/5
   375 | D:1      | Found a faded altar of an unknown god.
   858 | D:1      | Reached XP level 3. HP: 14/24 MP: 6/6
  1886 | D:2      | Found Hywn's Antique Armour Boutique.
  1902 | D:2      | Noticed Terence
  1933 | D:3      | Learned a level 3 spell: Call Canine Familiar
  1936 | D:3      | Learned a level 2 spell: Call Imp
  2155 | D:3      | HP: 1/24 [orc/+2 whip of electrocution (3)]
  2670 | D:4      | Noticed an ogre
  2695 | D:4      | HP: 1/24 [ball python (2)]
  2696 | D:4      | Constricted to death by a ball python

Illustrated notes

Levels and vault maps discovered:
D:1:      onia_arrival_mini_spirals, layout_basic, basic_ecumenical_altar,
          dk_noncrumbling_2, hangedman_decor_points
D:2:      layout_loops_corners, basic_altar, serial_shops, shop,
          lightli_corner_chamber, uniq_terence
D:3:      layout_rooms
D:4:      layout_loops_ring, chequers_avenue, uniq_robin

Action                   || total
-------------------------++-------
Melee: Unarmed           ||     4
       Spear             ||    63
       Punch             ||     1
 Cast: Summon Small Mamm ||    25
       Call Canine Famil ||     6
       Call Imp          ||     1
  Use: Scroll            ||     1
 Stab: Sleeping          ||     3
Armor: Robe              ||     8
Dodge: Dodged            ||    33
